AoeStats
← hebus107

Black Forest

510157017Analyzed
2v2 RM · 2d ago on Sep 29, 2026· 62m 26s· 4 players
Game mode
Random Map
Map size
Medium (4 player)
Population
200
Speed
Normal
Resources
Standard
Victory
Conquest
Starting age
Dark Age
Ending age
Imperial Age
RankedLock teamsTeams togetherTeam positionsShared explorationLock speedFull tech treeHidden civsTurbo modeCheats
Victory
Defeat
🇨🇭 Lithuanians · Switzerland
831
+17
🇫🇷 Spanish · France
816
+17
🇹🇷 Teutons · Türkiye
857
-18
🇹🇷 Turks · Türkiye
828
-16
hebus107
0:32 Loom
14:38 Feudal Age
16:11 Wheelbarrow
15:28 Double-Bit Axe
15:30 Horse Collar
17:44 Wheelbarrow
20:27 Gold Mining
20:28 Stone Mining
25:03 Castle Age
26:31 Hand Cart
26:28 Caravan
27:01 Heavy Plow
30:01 Bow Saw
31:38 Stone Shaft Mining
32:46 Thumb Ring
33:57 Murder Holes
34:19 Pikeman
35:00 Squires
35:43 Elite Skirmisher
36:43 Town Watch
40:30 Imperial Age
38:04 Town Patrol
43:22 Chemistry
42:43 Ballistics
42:10 Arrowslits
41:51 Onager
44:02 Two-Man Saw
43:40 Conscription
42:41 Elite Conquistador
44:37 Halberdier
46:12 Forging
46:02 Scale Mail Armor
48:37 Bombard Tower
52:26 Iron Casting
52:07 Chain Mail Armor
58:06 Blast Furnace
57:36 Plate Mail Armor
57:12 Scale Barding Armor
62:43 Chain Barding Armor
62:40 Fortified Wall
pigmeroid
0:51 Loom
13:28 Feudal Age
13:56 Horse Collar
14:04 Double-Bit Axe
21:14 Castle Age
24:53 Heavy Plow
25:10 Bow Saw
25:20 Forging
28:46 Wheelbarrow
28:03 Town Watch
34:27 Imperial Age
33:53 Hand Cart
34:06 Ballistics
33:57 Caravan
35:23 Fortified Wall
35:17 Murder Holes
36:42 Chemistry
35:41 Murder Holes
35:54 Thumb Ring
36:45 Conscription
37:12 Elite Leitis
37:52 Fletching
38:03 Padded Archer Armor
38:16 Scale Barding Armor
39:01 Town Patrol
39:36 Masonry
39:25 Bodkin Arrow
39:46 Leather Archer Armor
40:08 Tower Shields
41:51 Architecture
41:29 Hill Forts
43:06 Bracer
43:37 Ring Archer Armor
43:30 Chain Barding Armor
43:48 Iron Casting
45:50 Pikeman
46:31 Squires
46:37 Husbandry
46:48 Bloodlines
51:05 Plate Barding Armor
50:23 Treadmill Crane
51:25 Elite Skirmisher
62:14 Halberdier
kob61
0:29 Loom
13:57 Feudal Age
16:37 Town Watch
17:13 Double-Bit Axe
17:18 Horse Collar
24:26 Castle Age
25:05 Scale Barding Armor
29:02 Heavy Plow
30:47 Wheelbarrow
31:00 Town Patrol
32:22 Gold Mining
32:22 Stone Mining
33:12 Hand Cart
37:56 Imperial Age
36:14 Ballistics
36:15 Forging
36:09 Padded Archer Armor
36:13 Scale Mail Armor
36:23 Forging
37:16 Bow Saw
37:42 Husbandry
38:14 Leather Archer Armor
39:15 Sipahi
39:21 Sipahi
39:24 Conscription
40:25 Two-Man Saw
39:21 Cavalier
40:12 Bloodlines
40:05 Squires
42:05 Gold Shaft Mining
44:40 Caravan
45:11 Coinage
44:51 Guilds
44:57 Fletching
45:40 Ring Archer Armor
46:00 Bombard Tower
45:27 Elite Janissary
47:13 Banking
48:50 Treadmill Crane
49:10 Bodkin Arrow
49:52 Iron Casting
49:39 Chain Barding Armor
53:29 Chain Mail Armor
54:15 Blast Furnace
57:21 Plate Barding Armor
57:17 Plate Mail Armor
56:47 Bracer
57:15 Sipahi
56:58 Artillery
Anafartalar Komutanı
1:40 Loom
15:24 Feudal Age
16:27 Horse Collar
16:34 Double-Bit Axe
18:08 Gold Mining
22:17 Wheelbarrow
24:40 Castle Age
22:38 Stone Mining
31:36 Hand Cart
32:30 Heavy Plow
32:45 Bow Saw
35:16 Stone Shaft Mining
38:08 Imperial Age
36:18 Pikeman
37:47 Scale Mail Armor
37:57 Forging
37:53 Scale Barding Armor
37:51 Padded Archer Armor
37:42 Fletching
37:17 Elite Skirmisher
38:00 Squires
38:30 Ballistics
38:35 Caravan
39:06 Coinage
39:39 Chain Mail Armor
40:00 Iron Casting
38:53 Man-at-Arms
39:18 Gambesons
40:43 Chemistry
39:36 Heavy Scorpion
39:42 Cavalier
42:40 Crop Rotation
43:15 Two-Man Saw
43:51 Halberdier
45:53 Elite Teutonic Knight
59:53 Plate Mail Armor
59:44 Chain Barding Armor
59:39 Leather Archer Armor
59:20 Bodkin Arrow
60:25 Blast Furnace
61:02 Heavy Mounted Crossbowman
Connection lost

Rejoining the realm…

Still unreachable

The connection could not be restored.

Session expired

The server has moved on; the page needs a fresh start.